 Dungeon Crawl Stone Soup version 0.28.0-53-g5a82cb258f (webtiles) character file.

Game seed: 1893625534060661480

419 Jerry the Chucker (level 6, 1/100 HPs)
             Began as a Troll Hunter on June 30, 2022.
             Quit the game on level 4 of the Dungeon.
             The game lasted 00:07:47 (2277 turns).

Jerry the Chucker (Troll Hunter)                    Turns: 2277, Time: 00:07:48

Health: 1/100      AC: 23    Str: 21    XL:     6   Next: 62%
Magic:  5/5        EV:  1    Int:  7    God:
Gold:   100        SH:  0    Dex: 12    Spells: 5/5 levels left

rFire   . . .      SeeInvis +   (no weapon)
rCold   . . .      Faith    .   (no shield)
rNeg    . . .      Spirit   .   (armour currently unavailable)
rPois   +          Reflect  .   (helmet currently unavailable)
rElec   .          Harm     .   (cloak currently unavailable)
rCorr   .          Rampage  .   (gloves unavailable)
Will    .....      NoTele   +   (boots unavailable)
Stlth   +.........              (no amulet)
HPRegen 1.06/turn               (no ring)
MPRegen 0.09/turn               (no ring)

@: lethally poisoned (1 -> -1), tree-form
A: stationary, stasis, torment immunity, boosted hp, large, unfitting armour,
(claws 3), regeneration 1, (shaggy fur 1), (tough skin 1), see invisible, robust
1, wild magic 1
a: no special abilities


You were on level 4 of the Dungeon.
You were a tree.
You visited 1 branch of the dungeon, and saw 4 of its levels.

You collected 100 gold pieces.

Inventory:

Hand Weapons
 a - a +0 short sword
Missiles
 c - 4 large rocks (quivered)
 d - a throwing net
Armour
 b - a +0 robe (melded)
Jewellery
 i - a ring of positive energy
Scrolls
 f - a scroll of vulnerability {unknown}
 g - a scroll of identify
 h - a scroll of torment {unknown}
 j - 2 scrolls of teleportation
 k - a scroll of fear
Potions
 e - a potion of lignification


   Skills:
 + Level 3.6 Fighting
 + Level 5.1 Throwing
 + Level 3.6 Dodging
 - Level 0.3 Stealth


You had 5 spell levels left.
You didn't know any spells.
Your spell library contained the following spells:

 Spells                   Type           Power      Damage    Failure   Level
 Summon Guardian Golem    Hex/Summ       0%         N/A       86%         3
 Orb of Destruction       Conj           0%         9d5       100%        7
 Spellforged Servitor     Conj/Summ      0%         N/A       100%        7


Dungeon Overview and Level Annotations

Branches:
Dungeon (4/15)
 Temple: D:4-7

Altars:
Kikubaaqudgha
Yredelemnul

Annotations:
D:4 Pikel


Innate Abilities, Weirdness & Mutations

You are a tree.
Your roots penetrate the ground, keeping you stationary.
You cannot be teleported.
You are immune to unholy pain and torment.
Your maximum health is greatly increased.
Your equipment is partially melded.
You are too large for most types of armour.
((You have claws for hands.))
Your natural rate of healing is unusually fast.
((You are covered in fur. (AC +1)))
((You have tough skin. (AC +1)))
You have supernaturally acute eyesight. (SInv)
You are robust. (+10% HP)
Your spells are a little harder to cast, but a little more powerful.


Message History

The lemure barely misses you. The adder bites you. The lemure hits you.
You scratch the adder.
The adder is severely wounded.
The adder closely misses you. The lemure hits you. x2
The adder bites you but does no damage.
You miss the adder.
The adder is severely wounded.
The lemure hits you.
* * * LOW HITPOINT WARNING * * *
The lemure hits you.
* * * LOW HITPOINT WARNING * * *
The adder barely misses you.
You miss the adder.
The adder is severely wounded.
The lemure barely misses you. The adder bites you.
* * * LOW HITPOINT WARNING * * *
You are poisoned.
The adder poisons you! The lemure completely misses you.
You barely miss the adder.
The adder is severely wounded.
You feel sick. The adder closely misses you. The lemure barely misses you.
The lemure hits you.
* * * LOW HITPOINT WARNING * * *
You closely miss the adder.
The adder is severely wounded.
You feel sick. The adder closely misses you. The lemure hits you.
* * * LOW HITPOINT WARNING * * *
The lemure closely misses you. The adder bites you.
* * * LOW HITPOINT WARNING * * *
You are more poisoned.
The adder poisons you!
It was a potion of lignification.
You turn into a tree.
Your +0 robe melds into your body.
Your roots penetrate the ground.
You feel sick. The lemure hits you.
* * * LOW HITPOINT WARNING * * *
The adder bites you.
* * * LOW HITPOINT WARNING * * *
The lemure hits you.
* * * LOW HITPOINT WARNING * * *
Are you sure you want to abandon this character and quit the game? (Confirm with "yes".)

.######## ###. ......... ###
#...## ########. # #.. ....>#
# #. ..# #.##.# #.#(# #.#
#.##.# ##### #.....
#.#####.##.### ###...##
#.....#####.#.....5.5...
....#..
........5...#.##..##.###
###...#
......S♣5.....##.###.# #
#..## #.....####..####.# #.#
# #...# #.#.. #..####.###.#
###.#.####.#. ♣♣..♣.......#
...........# ♣≈♣♣##.#####
#.#.#.###### .# ♣♣≈≈ #...#
#.#.#.# .# ♣P≈♣♣ ♣.#.#
#.#.#.#######.♣♣♣♣♣≈≈♣♣♣♣♣♣.#
#.#...........P.≈♣≈.≈≈♣≈♣P≈.#


You could see 2 lemures and an adder.

Vanquished Creatures
  Grinder (D:3)
  A phantom (D:4)
  A hound skeleton (D:4)
  2 adders (D:3)
  A dart slug (D:1)
  8 ball pythons
  4 endoplasms
  2 giant cockroaches (D:2)
  5 hobgoblins
  13 jackals
  2 kobolds
  A quokka (D:2)
  2 bats
  5 frilled lizards
  8 goblins
  A jackal skeleton (D:3)
  A jackal zombie (D:3)
  5 rats
63 creatures vanquished.

Vanquished Creatures (others)
  A necrophage (D:3)
  A bat (D:3)
  2 plants (D:2)
4 creatures vanquished.

Grand Total: 67 creatures vanquished

Notes
Turn   | Place    | Note
-------+----------+-------------------------------------------
     0 | D:1      | Jerry the Troll Hunter began the quest for the Orb.
     0 | D:1      | Reached XP level 1. HP: 19/19 MP: 0/0
    83 | D:1      | Reached XP level 2. HP: 28/28 MP: 1/1
   646 | D:2      | Reached XP level 3. HP: 35/35 MP: 2/2
   750 | D:2      | Reached skill level 4 in Throwing
  1030 | D:2      | Found a faded altar of an unknown god.
  1044 | D:2      | Gained mutation: Your spells are a little harder to cast,
                  | but a little more powerful. [potion of mutation]
  1044 | D:2      | Gained mutation: You are robust. (+10% HP) [potion of
                  | mutation]
  1044 | D:2      | Gained mutation: You have supernaturally acute eyesight.
                  | (SInv) [potion of mutation]
  1406 | D:3      | Noticed Grinder
  1410 | D:3      | Paralysed by Grinder for 2 turns
  1413 | D:3      | Paralysed by Grinder for 6 turns
  1431 | D:3      | Paralysed by Grinder for 3 turns
  1436 | D:3      | Killed Grinder
  1437 | D:3      | Reached XP level 4. HP: 46/49 MP: 3/3
  1437 | D:3      | Reached XP level 5. HP: 54/58 MP: 4/4
  1521 | D:3      | Found a faded altar of an unknown god.
  1526 | D:3      | Found an ancient bone altar of Kikubaaqudgha.
  1733 | D:3      | Found a runed translucent door.
  1733 | D:3      | Noticed a human
  1748 | D:3      | Found a basalt altar of Yredelemnul.
  2053 | D:4      | Noticed a necrophage
  2065 | D:3      | Killed a necrophage
  2066 | D:3      | Reached XP level 6. HP: 47/65 MP: 5/5
  2176 | D:4      | Reached skill level 5 in Throwing
  2241 | D:4      | Noticed Pikel
  2276 | D:4      | HP: 5/100 [poisoned by an adder]
  2276 | D:4      | HP: 2/100 [adder (2)]
  2277 | D:4      | Quit the game

Illustrated notes

Levels and vault maps discovered:
D:1:      scummos_arrival_gate, layout_basic
D:2:      layout_basic, nicolae_ecumenical_pavilion, serial_bayou_pond_b
D:3:      layout_loops_ring, nicolae_overflow_ecumenical_swirl,
          dk_yredelemnul_ordeal, st_stairs_5, uniq_grinder
D:4:      layout_loops_ring, minmay_temple_entry_junction_2,
          serial_bayou_crossing, uniq_pikel, uniq_menkaure

Skill      XL: |  1  2  3  4  5  6 |
---------------+-------------------+-----
Fighting       | 2 3 |  3.6
Dodging        | 2 3 |  3.6
Throwing       | 4 5 |  5.1
Stealth        | |  0.3

Action                   |  1- 3 |  4- 6 || total
-------------------------+-------+-------++-------
Melee: Unarmed           |   148 |    67 ||   215
       Short sword       |     2 |       ||     2
       Punch             |     1 |       ||     1
Throw: Large rock        |    14 |     4 ||    18
       Throwing net      |     2 |       ||     2
  Use: Scroll            |     6 |       ||     6
       Potion            |     1 |     1 ||     2
 Stab: Sleeping          |     2 |       ||     2
Armor: Robe              |    45 |    20 ||    65
Dodge: Dodged            |    79 |    37 ||   116
